 Dungeon Crawl Stone Soup version 0.27-a0-362-g8331d791d5 (webtiles) character file.

Game seed: 1507164054726934267

33166 EldarEldrad the Severer (level 13, -6/113 HPs)
             Began as a Minotaur Berserker on Feb 16, 2021.
             Was a High Priest of Trog.
             Mangled by an entropy weaver (12 damage)
             ... on level 5 of the Lair of Beasts on Feb 17, 2021.
             The game lasted 00:59:18 (17510 turns).

EldarEldrad the Severer (Minotaur Berserker)       Turns: 17510, Time: 00:59:18

Health: -6/113     AC: -8    Str: 31    XL:     13   Next: 35%
Magic:  12/12      EV: 17    Int:  4    God:    Trog [*****.]
Gold:   577        SH: 10    Dex: 12    Spells: 12/12 levels left

rFire    . . .     SeeInvis .   a - +4 war axe
rCold    . . .     Faith    .   q - +0 buckler
rNeg     . . .     Spirit   .   y - +0 plate armour
rPois    .         Reflect  +   E - +1 hat
rElec    .         Harm     .   T - +1 cloak
rCorr    .         Rampage  .   j - +1 pair of gloves
Will     .....                  H - +0 pair of boots
Stlth    ..........             v - amulet of reflection
HPRegen  0.28/turn              g - +4 ring of evasion
MPRegen  0.13/turn              i - +6 ring of strength

@: lethally poisoned (-6 -> -14), about to teleport, corroded
A: retaliatory headbutt, horns 2
a: Renounce Religion, Berserk, Trog's Hand, Brothers in Arms


You were on level 5 of the Lair of Beasts.
You worshipped Trog.
Trog was extremely pleased with you.
You visited 3 branches of the dungeon, and saw 16 of its levels.
You also visited: Ossuary.

You collected 934 gold pieces.
You spent 357 gold pieces at shops.

Inventory:

Hand Weapons
 a - a +4 war axe (weapon)
 b - a +2 flail of protection
 L - the +14 obsidian axe {vorpal, *Drain +Fly SInv}
   (Trog gifted it to you on level 1 of the Lair of Beasts)

   It inflicts extra damage upon your enemies.
   It lets you see invisible.
   It lets you fly.
   It causes draining when unequipped.
Missiles
 d - 69 poisoned darts (quivered)
Armour
 j - a +1 pair of gloves (worn)
 q - a +0 buckler (worn)
 y - a +0 plate armour (worn)
 E - a +1 hat (worn)
 H - a +0 pair of boots (worn)
 T - a +1 cloak (worn)
Jewellery
 g - a +4 ring of evasion (left hand)
 i - a +6 ring of strength (right hand)
 v - an amulet of reflection (around neck)
Wands
 x - a wand of polymorph (14)
 D - a wand of random effects (33)
 I - a wand of digging (1)
 N - a wand of flame (17)
 O - a wand of charming (16)
 P - a wand of acid (9)
Scrolls
 c - 3 scrolls of enchant armour
 e - 3 scrolls of magic mapping
 h - 3 scrolls of fog
 k - 2 scrolls of enchant weapon {unknown}
 l - 3 scrolls of immolation
 o - 7 scrolls of teleportation
 p - 2 scrolls of blinking
 s - a scroll of acquirement {unknown}
 A - 3 scrolls of noise
 B - a scroll of vulnerability {unknown}
 R - 2 scrolls of summoning
 S - a scroll of fear {unknown}
Potions
 f - 2 potions of brilliance {unknown}
 m - a potion of cancellation
 n - 5 potions of flight
 r - 9 potions of curing
 t - 2 potions of resistance
 u - 5 potions of might
 w - 2 potions of invisibility
 z - 2 potions of heal wounds
 C - a potion of mutation {unknown}
 F - a potion of attraction
 J - 2 potions of lignification
 K - a potion of ambrosia
 M - 3 potions of haste
 Q - a potion of degeneration {unknown}
Miscellaneous
 G - a condenser vane


   Skills:
 - Level 10.0 Fighting
 + Level 16.6 Axes
 - Level 12.0 Armour
 - Level 12.0 Dodging
 - Level 5.0 Shields
 - Level 5.0 Evocations


You had 12 spell levels left.
You didn't know any spells.
Your spell library was empty.

Dungeon Overview and Level Annotations

Branches:
Dungeon (9/15)             Temple (1/1) D:6            Lair (6/6) D:9
  Swamp (0/4) Lair:2       Spider (0/4) Lair:3        Slime (0/5) Lair:5
Ossuary (visited)
    Orc: D:9-12

Altars:
Ashenzari
Cheibriados
Dithmenos
Elyvilon
Fedhas
Gozag
Hepliaklqana
Kikubaaqudgha
Makhleb
Nemelex Xobeh
Okawaru
Qazlal
Ru
Sif Muna
Trog
Uskayaw
Vehumet
Wu Jian
Xom
Yredelemnul
Zin
The Shining One
Jiyva

Annotations:
D:6 2 transporters


Innate Abilities, Weirdness & Mutations

You reflexively headbutt those who attack you in melee.
You have a pair of horns on your head.


Message History

You feel the effects of Trog's Hand fading.
The soldier ant misses you. You block the entropy weaver's attack.
The entropy weaver completely misses you.
The entropy weaver hits you! The entropy weaver hits you.
The entropy weaver points at you and mumbles some strange words.
The entropic weave corrodes you! The basilisk gazes at you.
You resist with almost no effort.
You climb upwards.
There is a stone staircase leading down here.
You barely miss the entropy weaver.
Your headbutt misses the entropy weaver.
The entropy weaver is heavily wounded.
You closely miss the soldier ant. You block the entropy weaver's attack.
The entropy weaver hits you. x2; The entropy weaver barely misses you.
You block the soldier ant's attack.
You closely miss the entropy weaver.
Your headbutt misses the entropy weaver.
The entropy weaver is heavily wounded.
You hit the soldier ant but do no damage.
The entropy weaver points at you and mumbles some strange words.
The entropic weave corrodes you! The soldier ant stings you!
You are poisoned.
The soldier ant poisons you!
As you read the scroll of teleportation, it crumbles to dust.
You feel strangely unstable.
You feel sick. The entropy weaver hits you!
You block the entropy weaver's attack. The entropy weaver misses you.
You block the entropy weaver's attack. The soldier ant stings you.
Your skin stops crawling.
You feel less strong-willed.
You feel sick. The entropy weaver hits you!
* * * LOW HITPOINT WARNING * * *
You block the entropy weaver's attack. The entropy weaver misses you.
You block the entropy weaver's attack.
Unknown command.
You feel sick. The entropy weaver hits you!
* * * LOW HITPOINT WARNING * * *
The entropy weaver hits you.
* * * LOW HITPOINT WARNING * * *
You block the entropy weaver's attack. The entropy weaver hits you!
You die...

......#...#......................
....#.......#.........[..........
#...#.........P..................
#.P#...####....##................
...P..#...##.#####...............
..............#####..............
.#.............##..##..##........
.#..##.⌠.⌠.##..##.⌠.##.##P.......
....#...........@.B..####P.......
....#...>...#....B>.⌠# ##.#.P.##
##..........#........# ##....##
##...#.⌠.⌠.##...#.⌠..## ##....P
.#.........#..####.#..# ###.(.
.##...........#......## ##..
..##.#....##..#.....## #..
...#..##..#..#.......# #..
....#.......##......## ###


You could see an entropy weaver and a soldier ant.

Vanquished Creatures
  Josephine (Lair:4)
  4 hydras
  A boulder beetle (Lair:5)
  Erica (Lair:1)
  Urug (Lair:3)
  Sonja (Lair:2)
  A lindwurm (Lair:5)
  Pikel (D:6)
  An orc sorcerer (D:7)
  An oklob plant (Lair:1)
  7 black mambas
  13 cane toads
  2 torpor snails
  A rime drake (Lair:4)
  8 komodo dragons
  A demonic crawler (Lair:1)
  A troll (D:9)
  2 polar bears
  3 dream sheep (Lair:2)
  2 redbacks (Lair:3)
  4 wyverns
  42 yaks
  2 basilisks
  3 wraiths (Lair:4)
  2 swamp worms (Lair:1)
  4 soldier ants (Lair:6)
  17 water moccasins
  3 orc warriors
  An ice beast (D:9)
  A black bear (D:9)
  An eye of draining (D:9)
  7 ogres
  3 centaurs
  5 phantoms
  3 elf zombies (Ossuary)
  A gnoll sergeant (D:8)
  13 bullfrogs
  A water moccasin zombie (D:6)
  3 scorpions
  5 killer bees (D:7)
  17 wights
  An electric eel (Lair:2)
  2 howler monkeys
  2 bullfrog zombies (D:7)
  3 centaur zombies
  A quasit (D:8)
  2 human zombies (Ossuary)
  2 bullfrog skeletons
  3 orc priests
  4 hounds
  Terence (D:3)
  An iguana (D:5)
  5 orc wizards
  9 worker ants
  3 hound zombies
  3 mummies (Ossuary)
  2 worker ant zombies
  A howler monkey skeleton (D:5)
  4 adders
  9 gnolls
  4 white imps
  2 oozes (D:2)
  3 worms
  3 dart slugs
  4 leopard geckos
  23 orcs
  3 ball pythons
  8 bats
  5 giant cockroaches
  14 goblins
  11 hobgoblins
  13 jackals
  9 kobolds
  7 quokkas
  13 frilled lizards
  5 goblin zombies (Ossuary)
  3 hobgoblin zombies (Ossuary)
  A jackal skeleton (D:8)
  2 jackal zombies
  4 kobold zombies (Ossuary)
  2 orc zombies (Ossuary)
  8 quokka zombies (Ossuary)
  7 rats
  2 rat zombies (Ossuary)
405 creatures vanquished.

Vanquished Creatures (others)
  58 fungi
  77 plants
135 creatures vanquished.

Grand Total: 540 creatures vanquished

Notes
Turn   | Place    | Note
-------+----------+-------------------------------------------
     0 | D:1      | EldarEldrad the Minotaur Berserker began the quest for the
                  | Orb.
     0 | D:1      | Reached XP level 1. HP: 19/19 MP: 0/0
    89 | D:1      | Reached skill level 4 in Axes
   248 | D:1      | Reached XP level 2. HP: 26/26 MP: 1/1
   732 | D:1      | Reached skill level 5 in Axes
   995 | D:1      | Reached XP level 3. HP: 31/31 MP: 2/2
  1239 | D:2      | Reached ** piety under Trog
  1241 | D:2      | Noticed an ogre
  1378 | D:2      | Killed an ogre
  1379 | D:2      | Reached skill level 6 in Axes
  1379 | D:2      | Reached XP level 4. HP: 39/39 MP: 3/3
  1656 | D:2      | Reached XP level 5. HP: 45/45 MP: 4/4
  1744 | D:2      | Reached skill level 7 in Axes
  1860 | D:2      | Found a white marble altar of Elyvilon.
  2686 | D:3      | Reached *** piety under Trog
  2756 | D:3      | Noticed Terence
  2761 | D:3      | Killed Terence
  2762 | D:3      | Reached skill level 8 in Axes
  2784 | D:3      | Found an iron altar of Okawaru.
  2809 | D:3      | Found a snail-covered altar of Cheibriados.
  2947 | D:4      | Reached XP level 6. HP: 51/51 MP: 5/5
  3004 | D:4      | Reached skill level 1 in Shields
  3043 | D:4      | Reached skill level 9 in Axes
  3096 | D:4      | Found a sand-covered staircase.
  3151 | D:4      | Got a masterwork ring mail
  3191 | Ossuary  | Entered an ossuary
  3246 | Ossuary  | Reached XP level 7. HP: 39/57 MP: 6/6
  3533 | Ossuary  | Reached skill level 10 in Axes
  3590 | Ossuary  | Reached **** piety under Trog
  4185 | D:4      | Found a bloodstained altar of Trog.
  4292 | D:4      | Reached XP level 8. HP: 64/64 MP: 7/7
  4361 | D:4      | Identified the +3 ring mail of Misanthropy {rN+ Slay+2}
                  | (You found it on level 4 of the Dungeon)
  4416 | D:5      | Entered Level 5 of the Dungeon
  4743 | D:5      | Reached skill level 5 in Shields
  4746 | D:5      | Reached skill level 11 in Axes
  5294 | D:5      | Reached skill level 12 in Axes
  5685 | D:6      | Found a transporter.
  5729 | D:6      | Reached ***** piety under Trog
  5816 | D:6      | Found a transporter.
  5854 | D:6      | Noticed Pikel
  5870 | D:6      | Killed Pikel
  5871 | D:6      | Reached skill level 13 in Axes
  5871 | D:6      | Reached XP level 9. HP: 70/70 MP: 8/8
  5934 | D:6      | Found a staircase to the Ecumenical Temple.
  5947 | Temple   | Entered the Ecumenical Temple
  6595 | D:6      | Found a glowing golden altar of the Shining One.
  7056 | D:7      | Reached skill level 5 in Fighting
  7308 | D:7      | Reached skill level 14 in Axes
  7325 | D:7      | Found Ytaid's Magic Scroll Boutique.
  7331 | D:7      | Bought a scroll of fog for 28 gold pieces
  7331 | D:7      | Bought a scroll of magic mapping for 49 gold pieces
  7331 | D:7      | Bought a scroll of identify for 28 gold pieces
  7331 | D:7      | Bought a scroll of identify for 28 gold pieces
  7331 | D:7      | Bought a scroll of enchant armour for 105 gold pieces
  7331 | D:7      | Bought a scroll of teleportation for 42 gold pieces
  7331 | D:7      | Bought a scroll of identify for 28 gold pieces
  7331 | D:7      | Bought a scroll of immolation for 49 gold pieces
  7513 | D:7      | Reached skill level 5 in Armour
  7657 | D:7      | Noticed an orc sorcerer
  7662 | D:7      | Killed an orc sorcerer
  8110 | D:8      | Found a sparkling altar of Nemelex Xobeh.
  8121 | D:8      | Found an opulent altar of Gozag.
  8384 | D:8      | Reached skill level 1 in Evocations
  8384 | D:8      | Reached XP level 10. HP: 81/81 MP: 9/9
  8632 | D:8      | Found an ancient bone altar of Kikubaaqudgha.
  9118 | D:9      | Reached skill level 10 in Armour
  9438 | D:9      | Found a burning altar of Makhleb.
  9452 | D:9      | Found a staircase to the Lair.
  9951 | D:9      | Found a shimmering blue altar of Sif Muna.
 10116 | Lair:1   | Entered Level 1 of the Lair of Beasts
 10139 | Lair:1   | Noticed a five-headed hydra
 10149 | Lair:1   | Killed a five-headed hydra
 10277 | Lair:1   | Reached XP level 11. HP: 81/86 MP: 10/10
 10448 | Lair:1   | Received a gift from Trog
 10449 | Lair:1   | Reached skill level 5 in Evocations
 10449 | Lair:1   | Found the +14 obsidian axe {vorpal, *Drain +Fly SInv}
 10467 | Lair:1   | Noticed Erica
 10479 | Lair:1   | Killed Erica
 10548 | Lair:1   | Noticed a six-headed hydra
 10568 | Lair:1   | Killed a six-headed hydra
 10951 | Lair:1   | Noticed an oklob plant
 11799 | Lair:1   | Killed an oklob plant
 12146 | Lair:2   | Found a staircase to the Swamp.
 12390 | Lair:2   | Reached skill level 5 in Dodging
 12411 | Lair:2   | Reached skill level 15 in Axes
 12667 | Lair:2   | Noticed Sonja
 12679 | Lair:2   | Killed Sonja
 13183 | Lair:3   | Reached XP level 12. HP: 81/101 MP: 11/11
 13414 | Lair:3   | Noticed Urug
 13433 | Lair:3   | Killed Urug
 13984 | Lair:3   | Found a hole to the Spider Nest.
 14693 | Lair:4   | Noticed a seven-headed hydra
 14702 | Lair:4   | Killed a seven-headed hydra
 15069 | Lair:4   | Reached skill level 10 in Dodging
 15327 | Lair:5   | Reached skill level 16 in Axes
 15847 | Lair:5   | Noticed Josephine
 15854 | Lair:5   | Noticed a six-headed hydra
 15879 | Lair:4   | Killed Josephine
 15956 | Lair:5   | Killed a six-headed hydra
 15957 | Lair:5   | Reached XP level 13. HP: 102/107 MP: 12/12
 16774 | Lair:5   | Found a viscous altar of Jiyva.
 16774 | Lair:5   | Found a staircase to the Slime Pits.
 17084 | Lair:6   | Entered Level 6 of the Lair of Beasts
 17399 | Lair:6   | Reached skill level 10 in Fighting
 17469 | Lair:6   | Noticed an entropy weaver
 17496 | Lair:6   | Noticed an entropy weaver
 17510 | Lair:5   | Mangled by an entropy weaver

Illustrated notes

Levels and vault maps discovered:
D:1:      minmay_arrival_plants_in_alcoves, layout_basic,
          corexii_hall_statues_s, hangedman_decor_slide_cut
D:2:      layout_rooms, elyvilon_altar_1
D:3:      layout_rooms, kennysheep_slug_shrine, okawaru_trees_2, uniq_terence
D:4:      layout_cave_pools, general_overflow_altar,
          nicolae_ossuary_entry_false_entrances
D:5:      layout_loops_corners
D:6:      gammafunk_cloud_chamber, layout_basic, tso_oasis_becter,
          minmay_temple_entry_large_hall, uniq_pikel
D:7:      cheibrodos_wizards_tower, layout_gridville, serial_shops,
          kennysheep_little_box, minmay_misc_feat_columns
D:8:      layout_loops_corners, overflow_temple_1_default, basic_altar,
          grunt_gozag_statues
D:9:      layout_roguey, lemuel_blue_sif_altar, due_lair_maze_entry_diamond,
          basic_altar
Temple:   regret_index_temple_sphere_string
Lair:1:   layout_cave_pods, grunt_forest_stairs_basic, worms_lemuel,
          minmay_lair_oklob_chamber, grunt_megastairs_4, uniq_erica
Lair:2:   layout_long_grid, minmay_swamp_entry_eels, uniq_sonja
Lair:3:   layout_small_grid, spider_nest_entry_webs, grunt_megastairs_5,
          uniq_urug
Lair:4:   layout_misc_corridors, lemuel_fruit_tree, grunt_megastairs_1
Lair:5:   layout_cave_pods, dpeg_slime_entry_enclosed_altar, grunt_megastairs_2,
          infiniplex_staircase_pool_2, uniq_josephine
Lair:6:   grunt_lair_end_beastmaster, layout_misc_corridors, minivault_29

Skill      XL: |  1  2  3  4  5  6  7  8  9 10 11 12 13 |
---------------+----------------------------------------+-----
Axes           | 4 5 6 8 9 10 13 14 15 16 | 16.6
Shields        | 2 4 5 |  5.0
Fighting       | 5 8 10 | 10.0
Armour         | 7 11 12 | 12.0
Evocations     | 1 4 5 |  5.0
Dodging        | 6 12 | 12.0

Action                   |  1- 3 |  4- 6 |  7- 9 | 10-12 | 13-15 || total
-------------------------+-------+-------+-------+-------+-------++-------
Melee: Hand axe          |    62 |   132 |   175 |       |       ||   369
       Headbutt          |     5 |    19 |    65 |   114 |    45 ||   248
       War axe           |       |       |   166 |   454 |   157 ||   777
       Flail             |       |       |       |    20 |       ||    20
Throw: Dart              |    26 |    56 |    13 |    10 |       ||   105
Invok: Berserk           |     2 |     3 |     1 |     2 |       ||     8
       Trog's Hand       |       |     1 |     2 |     3 |     1 ||     7
Evoke: Wand              |       |       |       |     9 |       ||     9
  Use: Scroll            |       |       |     9 |     8 |     3 ||    20
Armor: Animal skin       |     8 |     3 |       |       |       ||    11
       Leather armour    |       |    13 |    19 |       |       ||    32
       Ring mail         |       |       |    27 |    58 |       ||    85
       Plate armour      |       |       |       |   104 |    27 ||   131
Dodge: Dodged            |    35 |    65 |   100 |   223 |    62 ||   485
Block: Buckler           |       |       |    68 |   158 |    42 ||   268
       Reflection        |       |       |       |     3 |       ||     3

Table legend: (Time is in decaauts)
 A = Elapsed time spent in this place.
 B = Non-inter-level travel time spent in this place.
 C = Inter-level travel time spent in this place.
 D = Time resting spent in this place.
 E = Time spent auto-exploring this place.
 F = Levels seen in this place.
 G = Mean time per level.
                   A        B        C        D        E       F      G
               +--------+--------+--------+--------+--------+-----+--------+
         Total |  17400 |  16944 |    456 |   2424 |  11123 |  17 | 1023.5 |
       Dungeon |   9337 |   9044 |    293 |    475 |   6651 |   9 | 1037.4 |
        Temple |    176 |    152 |     24 |      0 |    151 |   1 |  176.0 |
          Lair |   7319 |   7180 |    139 |   1803 |   4219 |   6 | 1219.8 |
       Ossuary |    567 |    567 |      0 |    146 |    102 |   1 |  567.0 |
               +--------+--------+--------+--------+--------+-----+--------+

Top non-repeatable levels by time:
  Lair:1: 1961 daAuts
  Lair:5: 1496 daAuts
  Lair:3: 1365 daAuts
     D:1: 1288 daAuts
     D:6: 1275 daAuts
     D:5: 1131 daAuts
  Lair:2: 1106 daAuts
     D:9: 1066 daAuts
     D:7: 1002 daAuts
  Lair:4: 998 daAuts
     D:8: 998 daAuts
     D:4: 893 daAuts
     D:3: 870 daAuts
     D:2: 810 daAuts
 Ossuary: 567 daAuts
